 Dungeon Crawl Stone Soup version 0.23.2-30-g0e89c35649 (webtiles) character file.

Game seed: 17739406975681315115

198 LLlMATKO the Chopper (level 5, 0/72 HPs)
             Began as a Minotaur Berserker on June 18, 2019.
             Was a Believer of Trog.
             Slain by Natasha (6 damage)
             ... on level 3 of the Dungeon.
             The game lasted 00:03:36 (2445 turns).

LLlMATKO the Chopper (Minotaur Berserker)           Turns: 2445, Time: 00:03:37

Health: 0/72       AC:  2    Str: 27    XL:     5   Next: 47%
Magic:  4/4        EV: 12    Int:  4    God:    Trog [**....]
Gold:   132        SH:  0    Dex: 10    Spells: 4/4 levels left

rFire    . . .     SeeInvis .   a - +0 hand axe
rCold    . . .     Gourm    .   (no shield)
rNeg     . . .     Faith    .   b - +0 animal skin
rPois    .         Spirit   .   (helmet restricted)
rElec    .         Reflect  .   (no cloak)
rCorr    .         Harm     .   (no gloves)
MR       .....                  (no boots)
Stlth    ..........             j - amulet of regeneration
HPRegen  0.62/turn              (no ring)
MPRegen  0.09/turn              (no ring)

@: berserking, slowed
A: retaliatory headbutt, horns 2
a: Berserk, Trog's Hand, Renounce Religion


You were on level 3 of the Dungeon.
You worshipped Trog.
Trog was pleased with you.
You were near starving.

You visited 1 branch of the dungeon, and saw 3 of its levels.

You collected 132 gold pieces.

Inventory:

Hand Weapons
 a - a +0 hand axe (weapon)
Armour
 b - a +0 animal skin (worn)
Jewellery
 j - an amulet of regeneration (around neck)
Scrolls
 d - a scroll of fog {unknown}
 e - a scroll of enchant weapon {unknown}
 g - a scroll of amnesia {unknown}
 h - 3 scrolls of identify {unknown}
 k - 2 scrolls of remove curse {unknown}
 l - a scroll of magic mapping {unknown}
 m - a scroll of teleportation {unknown}
 q - a scroll of noise {unknown}
Potions
 i - 2 potions of heal wounds {unknown}
 n - a potion of brilliance {unknown}
 o - a potion of cancellation {unknown}
 p - 4 potions of flight {unknown}
Comestibles
 c - 4 rations
 f - 5 chunks of flesh


   Skills:
 + Level 5.2 Fighting
 + Level 5.2 Axes
 + Level 4.4 Armour
 - Level 2.1 Dodging


You had 4 spell levels left.
You didn't know any spells.
Your spell library was empty.

Dungeon Overview and Level Annotations

Branches:
Dungeon (3/15)

Altars:

Annotations:
D:3 Natasha


Innate Abilities, Weirdness & Mutations

You reflexively headbutt those who attack you in melee.
You have a pair of horns on your head.


Message History

Natasha misses you. Natasha casts a spell at you.
You feel as though you will be slow longer.
Natasha hisses.
Natasha howls an incantation.
You feel disoriented. Natasha misses you. Natasha closely misses you.
Your transformation has ended.
Your +0 hand axe unmelds from your body.
Your +0 animal skin unmelds from your body.
Natasha is no longer moving quickly.
Natasha claws you!
* * * LOW HITPOINT WARNING * * *
Found 18 gold pieces.
The iron imp shouts, "Fly, thou pribbling weather-bitten bovine!"
A red film seems to cover your vision as you go berserk!
You feel yourself moving faster!
You feel mighty!
You are near starving!
Natasha claws you.
You die...

#### #... #########.##
#### #.........## #...
#.#....#....
####..<######+#....#....
.$.....@h..........#....
....##.......5..........
... #.........###5#.#..
...##.........###.#..#.
#.....####+##...#..#.
#.....' #....#..#.
#.....## #..#5#..#.
######.########5#..#.
#..5..h....#..#.


You could see an iron imp and Natasha.

Vanquished Creatures
  An orc wizard (D:3)
  Natasha (D:3)
  A gnoll (D:1)
  5 adders
  An ooze (D:3)
  4 worms (D:2)
  2 dart slugs
  2 leopard geckos
  5 orcs (D:3)
  4 giant cockroaches
  5 goblins
  10 hobgoblins
  2 quokkas
  A ball python (D:1)
  9 bats
  5 frilled lizards
  4 kobolds
  9 rats
71 creatures vanquished.

Notes
Turn   | Place    | Note
-------+----------+-------------------------------------------
     0 | D:1      | LLlMATKO the Minotaur Berserker began the quest for the
                  | Orb.
     0 | D:1      | Reached XP level 1. HP: 19/19 MP: 0/0
   200 | D:1      | HP: 1/28 [gnoll/+0 spear (3)]
   201 | D:1      | Reached XP level 2. HP: 1/27 MP: 1/1
   843 | D:1      | Reached XP level 3. HP: 33/33 MP: 2/2
  1258 | D:2      | Reached ** piety under Trog
  1483 | D:2      | Reached XP level 4. HP: 39/41 MP: 3/3
  2023 | D:3      | Reached skill level 5 in Fighting
  2023 | D:3      | Reached XP level 5. HP: 48/48 MP: 4/4
  2089 | D:3      | Reached skill level 5 in Axes
  2402 | D:3      | Noticed Natasha
  2409 | D:3      | Killed Natasha
  2411 | D:3      | Noticed Natasha
  2443 | D:3      | HP: 2/48 [Natasha (9)]
  2445 | D:3      | Slain by Natasha

Skill      XL: |  1  2  3  4  5 |
---------------+----------------+-----
Fighting       | 4 5 |  5.2
Axes           | 4 5 |  5.2
Armour         | 3 4 |  4.4
Dodging        | |  2.1

Action                   |  1- 3 |  4- 6 || total
-------------------------+-------+-------++-------
Melee: Hand axe          |    86 |    72 ||   158
       Headbutt          |     9 |    14 ||    23
Invok: Berserk           |     1 |     2 ||     3
 Stab: Sleeping          |     1 |       ||     1
  Eat: Chunk             |     3 |     3 ||     6
Armor: Animal skin       |    11 |    10 ||    21
Dodge: Dodged            |    54 |    45 ||    99
